 Dungeon Crawl Stone Soup version 0.29-a0-1009-g60c99734e7 (webtiles) character file.

Game seed: 6770906205926898911

114 xian the Gusty (level 4, -2/34 HPs)
             Began as a Draconian Air Elementalist on Aug 9, 2022.
             Slain by Crazy Yiuf
             ... wielding a +2 quarterstaff of chaos
              (7 damage)
             ... on level 3 of the Dungeon.
             The game lasted 00:05:50 (2979 turns).

xian the Gusty (Draconian Air Elementalist)         Turns: 2979, Time: 00:05:50

Health: -2/34      AC:  6    Str: 10    XL:     4   Next: 66%
Magic:  6/7        EV: 12    Int: 17    God:
Gold:   162        SH:  0    Dex: 12    Spells: 7/8 levels left

rFire   . . .      SeeInvis .   k - +1 hand axe (freeze)
rCold   . . .      Faith    .   (no shield)
rNeg    . . .      Spirit   .   (body armour unavailable)
rPois   .          Reflect  .   (helmet restricted)
rElec   .          Harm     .   m - +0 cloak
rCorr   .          Rampage  .   (no gloves)
Will    .....                   (no boots)
Stlth   ++........              o - amulet of regeneration
HPRegen 0.91/turn               (no ring)
MPRegen 0.10/turn               (no ring)

@: no status effects
A: AC +5, unfitting armour, cold-blooded
a: no special abilities


You were on level 3 of the Dungeon.
You visited 1 branch of the dungeon, and saw 4 of its levels.

You collected 162 gold pieces.

Inventory:

Hand Weapons
 k - a +1 hand axe of freezing (weapon)
Armour
 m - a +0 cloak (worn)
Jewellery
 o - an amulet of regeneration (around neck)
Wands
 c - a wand of mindburst (20)
 p - a wand of polymorph (5)
Scrolls
 b - a scroll of torment
 d - a scroll of teleportation
 f - a scroll of amnesia
 h - a scroll of poison {unknown}
 j - a scroll of butterflies
 l - a scroll of brand weapon {unknown}
 n - a scroll of magic mapping {unknown}
Potions
 a - a potion of magic
 e - 3 potions of haste
 g - a potion of berserk rage {unknown}
 i - a potion of attraction {unknown}
 q - a potion of degeneration {unknown}
 r - a potion of might {unknown}


   Skills:
 + Level 0.5 Fighting
 + Level 0.8 Staves
 + Level 2.3 Dodging
 + Level 2.0 Stealth
 + Level 2.6 Spellcasting
 + Level 1.8 Conjurations
 + Level 4.0 Air Magic


You had 7 spell levels left.
You knew the following spells:

 Your Spells              Type           Power      Damage    Failure   Level
a - Shock                 Conj/Air       48%        1d6       5%          1

Your spell library contained the following spells:

 Spells                   Type           Power      Damage    Failure   Level
 Static Discharge         Conj/Air       12%        3-5/arc   9%          2
 Swiftness                Air            16%        N/A       11%         3
 Airstrike                Air            8%         2d(2-18)  34%         4
 Gell's Gravitas          Tloc           2%         N/A       50%         3
 Lesser Beckoning         Tloc           2%         N/A       50%         3
 Teleport Other           Tloc           2%         N/A       50%         3


Dungeon Overview and Level Annotations

Branches:
Dungeon (4/15)
 Temple: D:4-7

Altars:
Zin
The Shining One

Shops:
D:2 :

Annotations:
D:3 Crazy Yiuf


Innate Abilities, Weirdness & Mutations

Your plain brown scales are hard. (AC +5)
You cannot fit into any form of body armour.
You are cold-blooded and may be slowed by cold attacks.


Message History

Okay, then.
Found a ring mail.
There is an open door here.
Found 6 stones.
You drop an amulet of guardian spirit.
You see here 6 stones.
Partly explored, can't reach some items and places.
You hit the fungus.
The fungus begins to die.
You freeze the fungus.
The fungus is lightly damaged.
You hit the fungus but do no damage.
A nearby fungus withers and dies.
You see here a +0 hammer.
You see here a +0 hammer of protection.
Found six hammers and a glowing hammer.
Found a runed translucent door.
You see here a +0 hammer.
Found a hammer.
You see here a +0 hammer.
You see here a +0 hammer.
Found three hammers.
You see here a +0 hammer.
You open the door.
Crazy Yiuf shouts!
There is an open translucent door here.
The zap hits Crazy Yiuf.
Crazy Yiuf is lightly wounded.
The zap hits Crazy Yiuf.
Crazy Yiuf is heavily wounded.
You barely miss Crazy Yiuf.
Crazy Yiuf is moderately wounded.
Crazy Yiuf closely misses you.
You hit Crazy Yiuf. You freeze Crazy Yiuf.
Crazy Yiuf is severely wounded.
Crazy Yiuf hits you with a +2 quarterstaff of chaos!
Crazy Yiuf burns you.
Crazy Yiuf hits you with a +2 quarterstaff of chaos!
* * * LOW HITPOINT WARNING * * *
You barely miss Crazy Yiuf.
Crazy Yiuf is severely wounded.
Crazy Yiuf hits you with a +2 quarterstaff of chaos!
You die...

#.# #....# #.#
♣PPP.♣ #.# ♣♣♣P)♣
#.# ♣)♣♣ #.# ♣♣)♣
#.# ♣)♣♣
##########.# ♣♣)♣
..".....)..# ♣)♣♣
#..#####...# #@#
#.## ##..# #)g)#
#########..# #)))#
####...#..# #).)#
#$$##..#..# #####
#$$$#_.'..#
##$$##..#..#######
#####...#........#
#########.......##


You could see Crazy Yiuf.

Vanquished Creatures
  2 iguanas
  An adder (D:3)
  3 dart slugs
  A worm (D:3)
  3 ball pythons (D:1)
  5 endoplasms
  5 giant cockroaches
  5 goblins
  4 hobgoblins (D:1)
  2 jackals (D:1)
  4 kobolds
  A quokka (D:1)
  3 bats
  3 frilled lizards
  2 rats (D:1)
44 creatures vanquished.

Vanquished Creatures (others)
  A fungus (D:3)
  2 plants (D:1)
3 creatures vanquished.

Grand Total: 47 creatures vanquished

Notes
Turn   | Place    | Note
-------+----------+-------------------------------------------
     0 | D:1      | xian the Draconian Air Elementalist began the quest for the
                  | Orb.
     0 | D:1      | Reached XP level 1. HP: 14/14 MP: 3/3
   433 | D:1      | Reached XP level 2. HP: 20/20 MP: 0/5
   965 | D:1      | Reached XP level 3. HP: 26/26 MP: 1/6
  1685 | D:2      | Found a faded altar of an unknown god.
  1791 | D:2      | Found Weurykly's Vocational Training.
  2031 | D:2      | You fall into a shaft and drop 2 floors!
  2043 | D:4      | Found a glowing golden altar of the Shining One.
  2076 | D:4      | Reached XP level 4. HP: 34/34 MP: 5/7
  2349 | D:3      | Reached skill level 4 in Air Magic
  2482 | D:3      | Found a glowing silver altar of Zin.
  2970 | D:3      | Found a runed translucent door.
  2971 | D:3      | Noticed Crazy Yiuf
  2979 | D:3      | Slain by Crazy Yiuf

Illustrated notes

Levels and vault maps discovered:
D:1:      dpeg_arrival_radiant, layout_basic, serial_rivers,
          chequers_serial_rivers_room_a, chequers_serial_rivers_room_b,
          chequers_serial_rivers_large_b, chequers_serial_rivers_small_a,
          nicolae_kite_square_tiling_tiny, serial_bayou_pond_d,
          minmay_misc_feat_pillars, minmay_tromino_v4_c
D:2:      layout_loops_ring, ebering_ecumenical_altar_abandoned,
          nicolae_shop_vocational
D:3:      layout_rooms, zin_treasury, minmay_misc_feat_iff,
          kennysheep_flooded_box, kennysheep_generic_room_10,
          uniq_crazy_yiuf_cottage
D:4:      layout_cave_pools, nicolae_tso_swordbearing_angel,
          mainiacjoe_overflow_large_starburst, serial_shops, shop,
          gammafunk_ghost_gnarly_gnolls, minivault_24, supply_closet_lemuel,
          chequers_garden, corexii_leaking_fountain

Skill      XL: |  1  2  3  4 |
---------------+-------------+-----
Dodging        | 2 |  2.3
Stealth        | 2 |  2.0
Air Magic      | 4 |  4.0
Fighting       | |  0.5
Staves         | |  0.8
Spellcasting   | |  2.6
Conjurations   | |  1.8

Action                   |  1- 3 |  4- 6 || total
-------------------------+-------+-------++-------
Melee: Quarterstaff      |    22 |       ||    22
       Hand axe          |     3 |    11 ||    14
       Tailslap          |     1 |       ||     1
 Cast: Shock             |    56 |    22 ||    78
  Use: Scroll            |     5 |     1 ||     6
Armor: Skin              |    11 |     1 ||    12
Dodge: Dodged            |    32 |     3 ||    35

Table legend: (Time is in decaauts)
 A = Elapsed time spent in this place.
 B = Non-inter-level travel time spent in this place.
 C = Inter-level travel time spent in this place.
 D = Time resting spent in this place.
 E = Time spent auto-exploring this place.
 F = Levels seen in this place.
 G = Mean time per level.
                   A        B        C        D        E       F      G
               +--------+--------+--------+--------+--------+-----+--------+
         Total |   3021 |   2990 |     31 |      0 |   2548 |   4 |  755.2 |
       Dungeon |   3021 |   2990 |     31 |      0 |   2548 |   4 |  755.2 |
               +--------+--------+--------+--------+--------+-----+--------+

Top non-repeatable levels by time:
     D:1: 1594 daAuts
     D:3: 903 daAuts
     D:2: 476 daAuts
     D:4: 47 daAuts
